 Dungeon Crawl Stone Soup version 0.30-a0-965-g42e074c17a (webtiles) character file.

Game seed: 4025522772641458356

172 gelatine the Trooper (level 5, 0/42 HPs)
             Began as a Demonspawn Fighter on Mar 30, 2023.
             Slain by Ijyb
             ... wielding a +0 club
              (4 damage)
             ... on level 3 of the Dungeon.
             The game lasted 00:06:35 (2323 turns).

gelatine the Trooper (Demonspawn Fighter)           Turns: 2323, Time: 00:06:35

Health: 0/42       AC:  4    Str: 15    XL:     5   Next: 27%
Magic:  5/5        EV: 16    Int: 14    God:
Gold:   62         SH:  4    Dex: 11    Spells: 3/4 levels left

rFire   . . .      SeeInvis .    a - +0 war axe
rCold   . . .      Faith    .    c - +0 buckler
rNeg    . . .      Spirit   .    k - +1 animal skin
rPois   .          Reflect  .    l - +0 helmet
rElec   .          Rampage  .    (no cloak)
rCorr   .                        (no gloves)
Will    .....                    (no boots)
Stlth   +                        (no amulet)
HPRegen 0.27/turn                (no ring)
MPRegen 0.09/turn                (no ring)

@: agile
A: ignite blood 1, powered by pain 1, weakness stinger 1, hooves 1, clever 1,
weak 1, MP-powered wands
a: no special abilities


You were on level 3 of the Dungeon.
You visited 1 branch of the dungeon, and saw 3 of its levels.

You collected 62 gold pieces.

Inventory:

Hand Weapons
 a - a +0 war axe (weapon)
Missiles
 m - 14 poisoned darts
Armour
 b - a +0 scale mail
 c - a +0 buckler (worn)
 g - a +0 tower shield
 j - a +0 kite shield
 k - a +1 animal skin (worn)
 l - a +0 helmet (worn)
Magical Staves
 d - a staff of fire


   Skills:
 * Level 3.7 Fighting
 * Level 3.3 Axes
 * Level 3.1 Armour
 * Level 1.4 Dodging
 + Level 0.1 Stealth
 * Level 3.1 Shields
 * Level 0.3 Spellcasting
 * Level 0.2 Transmutations
 * Level 0.3 Poison Magic


You had 3 spell levels left.
You knew the following spells:

 Your Spells              Type           Power      Damage    Failure   Level
a - Sting                 Tmut/Pois      4%         1d3       32%         1

Your spell library contained the following spells:

 Spells                   Type           Power      Damage    Failure   Level
 Beastly Appendage        Tmut           2%         N/A       32%         1
 Poisonous Vapours        Pois/Air       0%         N/A       45%         2
 Wereblood                Tmut           1%         N/A       45%         2
 Spider Form              Tmut/Pois      1%         N/A       69%         3
 Olgreb's Toxic Radiance  Pois           1%         N/A       97%         4


Dungeon Overview and Level Annotations

Branches:
Dungeon (3/15)

Altars:

Annotations:
D:3 Ijyb


Innate Abilities, Weirdness & Mutations

Your demonic aura sometimes causes spilled blood to erupt in flames.
You sometimes gain a little power by taking damage.
You have a small tail.
You have large cloven feet.
Your mind is acute. (Int +4, Str/Dex -1)
You are weak. (Str -2)
You expend magic power (3 MP) to strengthen your wands.


Message History

Ijyb is heavily wounded.
Ijyb hits you with a +0 club.
You hit Ijyb but do no damage. Your kick misses Ijyb.
Ijyb is heavily wounded.
Ijyb zaps a wand.
The puff of flame hits you! Ijyb closely misses you.
You closely miss Ijyb. Your kick misses Ijyb.
Ijyb is heavily wounded.
Ijyb zaps a wand.
The puff of flame misses you.
You closely miss Ijyb.
Your tail-slap misses Ijyb.
Ijyb is heavily wounded.
Ijyb hits you with a +0 club.
You hit Ijyb but do no damage. You kick Ijyb.
Ijyb is severely wounded.
You block Ijyb's attack.
Ijyb screams, "No!
No, no, no, no!"
Ijyb zaps a wand.
The puff of flame hits you!
You focus on the pain.
You feel agile all of a sudden.
You hit Ijyb. Your kick misses Ijyb.
Ijyb is severely wounded.
Ijyb misses you.
You closely miss Ijyb.
Ijyb is severely wounded.
Ijyb zaps a wand.
The puff of flame hits you!
* * * LOW HITPOINT WARNING * * *
Ijyb hits you but does no damage.
You miss Ijyb. Your kick misses Ijyb.
Ijyb is severely wounded.
Ijyb barely misses you.
You barely miss Ijyb. Your kick misses Ijyb.
Ijyb is severely wounded.
Ijyb hits you with a +0 club.
* * * LOW HITPOINT WARNING * * *
You barely miss Ijyb.
Your tail-slap misses Ijyb.
Ijyb is severely wounded.
Ijyb closely misses you. Ijyb barely misses you.
You aren't carrying any potions.
You hit Ijyb. Your kick misses Ijyb. You tail-slap Ijyb.
Ijyb is almost dead.
Ijyb hits you with a +0 club.
You die...

.. . #.### .. ...
... # ... # ...
#.##.##.# .. .....
.####.####.########
......g@...........
.####.###.#.#######
# #.#..## #.##..##
#.###..## ...
##..### #..
##...#.# #..
###.#.# #.#.#


You could see Ijyb.

Vanquished Creatures
  Natasha (thrice) (D:2)
  Terence (D:2)
  Robin (D:2)
  An adder (D:2)
  A worm (D:2)
  An orc (D:3)
  6 ball pythons
  4 endoplasms (D:1)
  4 giant cockroaches (D:1)
  14 goblins
  A quokka (D:2)
  6 bats
  2 frilled lizards (D:1)
  4 kobolds
  4 rats
53 creatures vanquished.

Notes
Turn   | Place    | Note
-------+----------+-------------------------------------------
     0 | D:1      | gelatine the Demonspawn Fighter began the quest for the
                  | Orb.
     0 | D:1      | Reached XP level 1. HP: 18/18 MP: 1/1
    83 | D:1      | Gained mutation: You sometimes gain a little power by
                  | taking damage. [demonic ancestry]
    83 | D:1      | Reached XP level 2. HP: 21/24 MP: 2/2
   899 | D:2      | Gained mutation: You have a small tail. [demonic ancestry]
   899 | D:2      | Reached XP level 3. HP: 29/29 MP: 3/3
   907 | D:2      | Noticed Robin
   921 | D:2      | Killed Robin
   922 | D:2      | Reached skill level 1 in Dodging
  1016 | D:2      | Learned a level 1 spell: Sting
  1079 | D:2      | Noticed Terence
  1087 | D:2      | Gained mutation: You have hidden genetic defects. [potion
                  | of mutation]
  1087 | D:2      | Gained mutation: Your flesh is cold resistant. (rC+)
                  | [potion of mutation]
  1087 | D:2      | Gained mutation: You expend magic power (3 MP) to
                  | strengthen your wands. [potion of mutation]
  1091 | D:2      | Killed Terence
  1092 | D:2      | Reached XP level 4. HP: 7/35 MP: 4/4
  1106 | D:2      | Gained mutation: You are weak. (Str -2) [hidden defects]
  1468 | D:2      | Lost mutation: You have hidden genetic defects. [potion of
                  | mutation]
  1468 | D:2      | Lost mutation: Your flesh is cold resistant. (rC+) [potion
                  | of mutation]
  1468 | D:2      | Gained mutation: Your mind is acute. (Int +4, Str/Dex -1)
                  | [potion of mutation]
  1468 | D:2      | Gained mutation: Your natural rate of healing is unusually
                  | fast. [potion of mutation]
  1468 | D:2      | Lost mutation: Your natural rate of healing is unusually
                  | fast. [potion of mutation]
  1468 | D:2      | Gained mutation: You have large cloven feet. [potion of
                  | mutation]
  1555 | D:2      | Noticed Natasha
  1567 | D:2      | Killed Natasha
  1940 | D:2      | Noticed Natasha
  1947 | D:2      | Killed Natasha
  1948 | D:2      | Gained mutation: Your demonic aura sometimes causes spilled
                  | blood to erupt in flames. [demonic ancestry]
  1948 | D:2      | Reached XP level 5. HP: 42/42 MP: 2/5
  2080 | D:2      | Noticed Natasha
  2087 | D:2      | Killed Natasha
  2306 | D:3      | Noticed Ijyb
  2323 | D:3      | Slain by Ijyb

Illustrated notes

Levels and vault maps discovered:
D:1:      minmay_arrival_doors, layout_basic, st_stairs_5
D:2:      layout_basic, roderic_filled_cross, uniq_robin, uniq_terence,
          uniq_natasha
D:3:      layout_basic, serial_shops, nicolae_shop_bloodbath_and_beyond,
          uniq_ijyb

Skill      XL: |  1  2  3  4 |
---------------+-------------+-----
Shields        | 3 |  3.1
Axes           | 2 3 |  3.3
Armour         | 3 |  3.1
Dodging        | 1 |  1.4
Fighting       | |  3.7
Stealth        | |  0.1
Spellcasting   | |  0.3
Transmutations | |  0.2
Poison Magic   | |  0.3

Action                     |  1- 3 |  4- 6 || total
---------------------------+-------+-------++-------
  Melee: War axe           |    91 |    52 ||   143
         Tailslap          |     2 |     5 ||     7
         Kick              |       |     9 ||     9
   Cast: Sting             |       |     5 ||     5
    Use: Potion            |     2 |     1 ||     3
         Scroll            |       |     4 ||     4
 Armour: Scale mail        |    35 |       ||    35
         Animal skin       |     5 |    12 ||    17
  Dodge: Dodged            |    55 |    37 ||    92
  Block: Buckler           |    16 |    10 ||    26

Table legend: (Time is in decaauts)
 A = Elapsed time spent in this place.
 B = Non-inter-level travel time spent in this place.
 C = Inter-level travel time spent in this place.
 D = Time resting spent in this place.
 E = Time spent auto-exploring this place.
 F = Levels seen in this place.
 G = Mean time per level.
                   A        B        C        D        E       F      G
               +--------+--------+--------+--------+--------+-----+--------+
         Total |   2380 |   2310 |     70 |      0 |   1824 |   3 |  793.3 |
       Dungeon |   2380 |   2310 |     70 |      0 |   1824 |   3 |  793.3 |
               +--------+--------+--------+--------+--------+-----+--------+

Top non-repeatable levels by time:
     D:2: 1362 daAuts
     D:1: 836 daAuts
     D:3: 181 daAuts
